 Dungeon Sprint DCSS version 0.31-a0-662-g684573625c (webtiles) character file.

Game seed: 10062856817115199144

1955 rocky1 the Martial Artist (level 9, -8/65 HPs)
             Began as a Djinni Shapeshifter on Sept 1, 2023.
             Was an Initiate of Gozag.
             Mangled by a death knight
             ... wielding a +0 glaive
              (22 damage)
             ... in the Dungeon (Sprint IX: "|||||||||||||||||||||||||||||").
             The game lasted 00:03:53 (1106 turns).

rocky1 the Martial Artist (Djinni Shapeshifter)     Turns: 1106, Time: 00:03:54

Health: -8/65      AC: 12    Str: 13    XL:     9   Next: 42%
Gold:   297        EV:  8    Int: 16    God:    Gozag SH:  0 Dex: 16

rFire   + +          .
                       - Unarmed
rCold   x . .        (no shield)
rNeg    . . .        n - +0 plate armour
rPois   ∞            (helmet currently unavailable)
rElec   .            (cloak currently unavailable)
rCorr   .            (gloves currently unavailable)
SInv    .            (boots unavailable)
Will    .....        (no amulet) Stlth
                     p - +3 ring of intelligence
HPRegen 0.30/turn    o - +2 ring of evasion
MPRegen 0.00/turn

%: no teleportation, infuse magic (-9 HP)
@: beast-form, gold aura, flying, invisible (expiring)
A: beast (slay +4), flying, sickness immunity, fire resistance 2, cold
vulnerability 1, float, innate caster, HP casting, extra vitality 1
a: Begin Untransformation, Renounce Religion, Potion Petition, Call Merchant,
Bribe Branch


You were in the Dungeon.
You worshipped Gozag.
Gozag was aware of your devotion.
You were a hulking beast.
You visited 1 branch You collected 297 gold pieces.

Inventory:

Hand Weapons
 l - a +2 scimitar of flaming
Armour
 a - a +0 animal skin
 b - a +0 leather armour
 m - a +0 pair of gloves
 n - a +0 plate armour (worn)
Jewellery
 o - a +2 ring of evasion (right hand)
 p - a +3 ring of intelligence (left hand)
Talismans
 c - a beast talisman (active)
 d - a flux talisman
Potions
 e - 4 potions of curing


   Skills:
 + Level 5.1 Fighting
 + Level 6.2 Armour
 + Level 7.9 Dodging
 - Level 0.6 Stealth
 + Level 13.1 Unarmed Combat
 * Level 4.3 Spellcasting
 * Level 4.3 Conjurations
 * Level 4.3 Hexes
 * Level 4.3 Summonings
 * Level 4.3 Necromancy
 * Level 4.3 Translocations
 * Level 4.3 Transmutations
 * Level 4.3 Fire Magic
 * Level 4.3 Ice Magic
 * Level 4.3 Air Magic
 * Level 4.3 Earth Magic
 * Level 4.3 Poison Magic
 + Level 2.8 Evocations
 + Level 8.2 Shapeshifting


You knew the following spells:

 Your Spells              Type           Power      Damage    Failure   Level
a - Kiss of Death         Conj/Necr      68%        2d10      94%         1
b - Blink                 Tloc           34%        N/A       98%         2
c - Passwall              Tmut/Erth      14%        N/A       98%         2
d - Vampiric Draining     Necr           17%        2d7       100%        3
Your spell library was empty.


Dungeon Overview and Level Annotations

Branches:
Dungeon (1/1)

Altars:
Cheibriados
Dithmenos
Elyvilon
Fedhas
Gozag
Hepliaklqana
Makhleb
Nemelex Xobeh
Okawaru
Qazlal
Ru
Trog
Uskayaw
Wu Jian
Xom
Yredelemnul
Zin
The Shining One
Jiyva
Lugonu


Innate Abilities, Weirdness & Mutations

You are a hulking beast.
Your limbs bulge with bestial killing power. (Slay +4)
You are flying.
You are immune to sickness and miasma.
You are immune to poison.
Your flesh is very heat resistant. (rF++)
You are vulnerable to cold. (rC-)
You float through the air rather than walking.
You learn spells naturally, not from books.
Your magical power is your life essence.
You have superior vitality. (+4 MHP)


Message History

You kill the catoblepas!
The acid dragon roars!
Your Fighting skill increases to level 5!
Your Armour skill gained 2 levels and is now at level 6!
Your Unarmed Combat skill increases to level 13!
Your Spellcasting skill increases to level 4!
Your Conjurations skill increases to level 4!
Your Hexes skill increases to level 4!
Your Summonings skill increases to level 4!
Your Necromancy skill increases to level 4!
Your Translocations skill increases to level 4!
Your Transmutations skill increases to level 4!
Your Fire Magic skill increases to level 4!
Your Ice Magic skill increases to level 4!
Your Air Magic skill increases to level 4!
Your Earth Magic skill increases to level 4!
Your Poison Magic skill increases to level 4!
Your Evocations skill increases to level 2!
You have reached level 9!
Your experience leads to an increase in your attributes!
Your base attributes are Str 13, Int 13, Dex 14.
Increase (S)trength, (I)ntelligence, or (D)exterity?
You feel agile. x2
The power to cast Vampiric Draining wells up from within.
Spell assigned to 'd'.
Unknown command.
The acid dragon roars!
The tengu warrior hits you with a +0 battleaxe!
* * * LOW HITPOINT WARNING * * *
The tengu warrior pecks you but does no damage.
The tengu warrior claws you.
* * * LOW HITPOINT WARNING * * *
There is an open door to the Dungeon, spattered with blood here.
You see here 171 gold pieces.
You feel better.
The acid dragon roars!
The tengu warrior is distracted by your dazzling golden aura.
The death knight hits you from afar with a +0 glaive!!
You die...
Your body crumbles into a pile of gold. ▓▓▓▓▓▓▓▓▓▓▓▓▓▓▓▓▓▓▓▓▓▓▓▓▓▓▓▓▓▓ pDY.Qy'$..DpQh[...[.)?!'______ ▓▓▓▓▓▓▓▓▓▓▓▓▓▓▓▓▓▓▓▓▓▓▓▓▓▓▓▓▓▓

You could see a death knight (unable to see you), a tengu warrior (unaware, unable to see you) and an acid dragon (wandering, unable to see you).

Vanquished Creatures
  A catoblepas (D)
  A two-headed ogre (D)
  A vampire mosquito (D)
  3 orc warriors (D)
  A black bear (D)
  A phantom (D)
  A gnoll sergeant (D)
  2 killer bees (D)
  A hound (D)
  A jelly (D)
  An orc (D)
  A hobgoblin (D)
  2 kobolds (D)
  A bat (D)
  A rat (D)
19 creatures vanquished.

Notes
Turn   | Place    | Note
-------+----------+-------------------------------------------
     0 | D        | rocky1 the Djinni Shapeshifter began the quest for the Orb.
     0 | D        | Reached XP level 1. HP: 17/17 MP: 0/0
   197 | D        | Noticed a hound
   197 | D        | Noticed a jelly
   197 | D        | Noticed a phantom
   197 | D        | Noticed a black bear
   206 | D        | Killed a black bear
   207 | D        | Reached skill level 6 in Unarmed Combat
   207 | D        | Reached skill level 5 in Shapeshifting
   207 | D        | Reached XP level 2. HP: 22/22 MP: 0/0
   207 | D        | Reached XP level 3. HP: 27/27 MP: 0/0
   207 | D        | Learned a level 1 spell: Kiss of Death
   207 | D        | Reached XP level 4. HP: 32/32 MP: 0/0
   210 | D        | Killed a phantom
   211 | D        | Reached skill level 7 in Unarmed Combat
   211 | D        | Reached XP level 5. HP: 38/38 MP: 0/0
   211 | D        | Learned a level 2 spell: Blink
   220 | D        | Reached skill level 5 in Dodging
   220 | D        | Reached XP level 6. HP: 43/43 MP: 0/0
   479 | D        | Found a snail-covered altar of Cheibriados.
   479 | D        | Found a shadowy altar of Dithmenos.
   479 | D        | Found a white marble altar of Elyvilon.
   479 | D        | Found a blossoming altar of Fedhas.
   479 | D        | Found an opulent altar of Gozag.
   480 | D        | Found a hazy altar of Hepliaklqana.
   481 | D        | Found a viscous altar of Jiyva.
   483 | D        | Found a corrupted altar of Lugonu.
   484 | D        | Found a burning altar of Makhleb.
   485 | D        | Found a sparkling altar of Nemelex Xobeh.
   486 | D        | Found an iron altar of Okawaru.
   487 | D        | Became a worshipper of Gozag Ym Sagoz the Greedy
   488 | D        | Found a stormy altar of Qazlal.
   489 | D        | Found a sacrificial altar of Ru.
   491 | D        | Found a bloodstained altar of Trog.
   492 | D        | Found a hide-covered altar of Uskayaw.
   494 | D        | Found an ornate altar of the Wu Jian Council.
   495 | D        | Found a shimmering altar of Xom.
   496 | D        | Found a basalt altar of Yredelemnul.
   497 | D        | Found a glowing silver altar of Zin.
   498 | D        | Found a glowing golden altar of the Shining One.
   645 | D        | Noticed an orc warrior
   645 | D        | Noticed an orc warrior
   645 | D        | Noticed an orc warrior
   656 | D        | Killed an orc warrior
   657 | D        | Reached skill level 8 in Unarmed Combat
   657 | D        | Reached skill level 1 in Spellcasting
   657 | D        | Reached skill level 1 in Conjurations
   657 | D        | Reached skill level 1 in Hexes
   657 | D        | Reached skill level 1 in Summonings
   657 | D        | Reached skill level 1 in Necromancy
   657 | D        | Reached skill level 1 in Translocations
   657 | D        | Reached skill level 1 in Transmutations
   657 | D        | Reached skill level 1 in Fire Magic
   657 | D        | Reached skill level 1 in Ice Magic
   657 | D        | Reached skill level 1 in Air Magic
   657 | D        | Reached skill level 1 in Earth Magic
   657 | D        | Reached skill level 1 in Poison Magic
   663 | D        | Killed an orc warrior
   664 | D        | Reached skill level 1 in Armour
   664 | D        | Reached skill level 9 in Unarmed Combat
   664 | D        | Reached XP level 7. HP: 15/49 MP: 0/0
   664 | D        | Learned a level 2 spell: Passwall
   732 | D        | Reached skill level 10 in Unarmed Combat
  1009 | D        | Noticed a death knight
  1009 | D        | Noticed a catoblepas
  1009 | D        | Noticed a tengu warrior
  1009 | D        | Noticed an acid dragon
  1009 | D        | Noticed a vampire mosquito
  1009 | D        | Noticed a two-headed ogre
  1015 | D        | Killed a vampire mosquito
  1016 | D        | Reached skill level 11 in Unarmed Combat
  1016 | D        | Reached XP level 8. HP: 58/58 MP: 0/0
  1017 | D        | Killed a two-headed ogre
  1018 | D        | Reached skill level 12 in Unarmed Combat
  1018 | D        | Reached skill level 1 in Evocations
  1104 | D        | Killed a catoblepas
  1105 | D        | Reached skill level 5 in Fighting
  1105 | D        | Reached skill level 13 in Unarmed Combat
  1105 | D        | Reached XP level 9. HP: 21/65 MP: 0/0
  1105 | D        | Learned a level 3 spell: Vampiric Draining
  1106 | D        | Mangled by a death knight

Illustrated notes

Levels and vault maps discovered:
D:        linesprint [early_d, line_temple, items_1, d_10, items_2, lair_1,
          lair_end, items_3, orc_1, orc_end, items_4, d_15, swamp_1, shoals_1,
          snake_1, spider_1, d_20, vaults_1, items_5, swamp_end, shoals_end,
          snake_end, spider_end, vaults_end, d_27, items_6, zot_1, zot_end,
          crypt_end, forest_end, elf_end, slime_end, tomb_end, abyss_end,
          pan_hell_end]

Skill      XL: |  1  2  3  4  5  6  7  8 |
---------------+-------------------------+-----
Shapeshifting  | 5 6 7 8 |  8.2
Dodging        | 4 5 6 7 |  7.9
Unarmed Combat | 6 7 9 11 13 | 13.1
Fighting       | 2 3 5 |  5.1
Spellcasting   | 1 3 4 |  4.3
Conjurations   | 1 3 4 |  4.3
Hexes          | 1 3 4 |  4.3
Summonings     | 1 3 4 |  4.3
Necromancy     | 1 3 4 |  4.3
Translocations | 1 3 4 |  4.3
Transmutations | 1 3 4 |  4.3
Fire Magic     | 1 3 4 |  4.3
Ice Magic      | 1 3 4 |  4.3
Air Magic      | 1 3 4 |  4.3
Earth Magic    | 1 3 4 |  4.3
Poison Magic   | 1 3 4 |  4.3
Armour         | 1 2 6 |  6.2
Evocations     | 2 |  2.8
Stealth        | |  0.6

Action                     |  1- 3 |  4- 6 |  7- 9 || total
---------------------------+-------+-------+-------++-------
  Melee: Unarmed           |    25 |    38 |    24 ||    87
         Punch             |       |       |     1 ||     1
  Evoke: Wand              |       |       |    10 ||    10
    Use: Potion            |     1 |     1 |     6 ||     8
         Scroll            |       |       |     2 ||     2
   Stab: Invisible         |       |       |     1 ||     1
 Armour: Skin              |    12 |    17 |       ||    29
         Animal skin       |    10 |       |       ||    10
         Plate armour      |       |    10 |    44 ||    54
  Dodge: Dodged            |     4 |     3 |    14 ||    21

Table legend: (Time is in decaauts)
 A = Elapsed time spent in this place.
 B = Non-inter-level travel time spent in this place.
 C = Inter-level travel time spent in this place.
 D = Time resting spent in this place.
 E = Time spent auto-exploring this place.
 F = Levels seen in this place.
 G = Mean time per level.
                   A        B        C        D        E       F      G
               +--------+--------+--------+--------+--------+-----+--------+
         Total |   1080 |   1080 |      0 |    778 |      0 |   1 | 1080.0 |
       Dungeon |   1080 |   1080 |      0 |    778 |      0 |   1 | 1080.0 |
               +--------+--------+--------+--------+--------+-----+--------+

Top non-repeatable levels by time:
       D: 1080 daAuts
